Map: Miniere laviche

Players

Mørtebianca - Winner!

  • Race: Zerg Zerg
  • League: Diamond

Jhyrachy - Winner!

  • Race: Zerg Zerg
  • League: Gold

kijah

  • Race: Protoss Protoss
  • League: Gold

alvaroheavy

  • Race: Terran Terran

VOD

Have the link to the VOD?

Description

Time

  • Played on: April 17, 2016, 9:41 a.m.
  • Length: 14:39
Show
View Real Time Build Order
Export as new Build Order

Mørtebianca Zerg - Winner!

Build Orders: Pool First 

Get SALT Encoding   

  12  0:01  Drone  
  13  0:08  Drone  
  13  0:13  Extractor  
  13  0:16  Drone  
  14  0:34  Spawning Pool  
  13  0:37  Drone  
  14  0:48  Overlord  
  14  1:23  Hatchery  
  13  1:27  Zergling x4  
  15  1:36  Metabolic Boost  
  15  1:41  Zergling x2  
  15  1:45  Zergling x2  
  17  1:52  Drone  
  18  1:59  Drone  
  19  2:10  Drone  
  19  2:11  Queen  
  22  2:23  Overlord  
  22  2:37  Drone  
  22  2:38  Drone  
  24  2:46  Drone  
  26  2:51  Drone  
  26  2:52  Roach Warren  
  26  2:54  Drone  
  26  2:57  Extractor  
  25  2:59  Drone  
  26  3:11  Drone x2  
  27  3:15  Drone  
  28  3:26  Drone, Extractor  
  28  3:28  Drone  
  28  3:31  Drone  
  28  3:33  Drone  
  31  3:35  Hatchery  
  31  3:38  Roach  
  32  3:42  Roach  
  32  3:45  Drone  
  35  3:50  Overlord  
  35  3:55  Overlord  
  35  4:05  Overlord  
  35  4:09  Roach  
  39  4:10  Roach  
  39  4:22  Roach x3  
  39  4:23  Roach  
  47  4:28  Drone x2  
  49  4:35  Ravager  
  49  4:36  Ravager  
  49  4:37  Roach  
  49  4:38  Roach  
  54  4:46  Roach x2  
  54  4:49  Overlord  
  58  4:58  Overlord  
  58  4:59  Evolution Chamber  
  57  5:02  Overlord  
  57  5:10  Zergling x4  
  57  5:11  Zergling x2  
  60  5:19  Lair  
  60  5:20  Drone  
  60  5:23  Drone  
  60  5:24  Drone  
  62  5:28  Spore Crawler  
  62  5:33  Spore Crawler  
  62  5:34  Drone  
  61  5:37  Drone  
  61  5:42  Ravager x4  
  67  5:43  Ravager  
  67  5:44  Ravager  
  67  5:45  Ravager  
  67  5:46  Ravager  
  69  6:10  Roach  
  69  6:11  Overlord x2, Roach  
  73  6:12  Overlord  
  73  6:13  Overlord  
  73  6:21  Zerg Missile Weapons Level 1  
  73  6:23  Overlord  
  73  6:29  Overseer  
  73  6:31  Overseer  
  70  6:57  Hydralisk Den  
  70  6:58  Drone x5  
  70  7:00  Overseer  
  74  7:06  Overlord x2  
  74  7:09  Drone x2  
  74  7:10  Drone x4  
  74  7:11  Drone  
  75  7:26  Overlord x2  
  75  7:42  Muscular Augments  
  75  7:45  Drone x3  
  75  7:46  Drone x5  
  75  7:47  Queen x2, Evolution Chamber  
  75  7:50  Extractor  
  85  7:58  Overlord x3  
  85  8:04  Hydralisk  
  87  8:08  Spore Crawler, Hydralisk x2  
  90  8:14  Extractor, Overlord x2  
  89  8:20  Hydralisk x2  
  89  8:23  Hydralisk  
  89  8:25  Hydralisk  
  97  8:40  Hydralisk x2  
  97  8:41  Hydralisk x3  
  101  8:44  Zerg Missile Weapons Level 2  
  101  8:47  Zerg Ground Armor Level 1  
  107  8:50  Drone x2  
  107  8:53  Drone  
  107  8:54  Drone  
  111  8:57  Drone  
  90  9:09  Hydralisk x2  
  85  9:10  Hydralisk  
  89  9:20  Hydralisk  
  72  9:34  Overlord x5  
  72  9:35  Overlord x2  
  70  9:47  Overlord x2  
  70  9:52  Queen  
  70  9:53  Lurker Den  
  70  9:54  Glial Reconstitution  
  70  9:57  Hydralisk x2  
  70  9:59  Zergling x4  
  79  10:00  Zergling x2  
  77  10:08  Overseer  
  77  10:09  Pneumatized Carapace  
  77  10:11  Hydralisk  
  77  10:13  Zergling x2  
  80  10:14  Zergling x12  
  80  10:20  Roach x3  
  90  10:24  Overlord  
  90  10:26  Overseer  
  90  10:27  Overseer x2  
  90  10:30  Roach  
  90  10:32  Roach  
  94  10:43  Infestation Pit  
  93  10:50  Hydralisk x3  
  97  10:58  Hydralisk  
  97  10:59  Hydralisk x2  
  97  11:02  Roach  
  97  11:03  Zergling x4  
  106  11:13  Tunneling Claws  
  106  11:16  Roach x4  
  112  11:22  Zergling x4  
  114  11:33  Overlord x3  
  114  11:39  Hive  
  114  11:41  Overlord  
  114  11:42  Overlord  
  114  11:52  Roach  
  114  11:53  Roach x2  
  120  11:55  Zerg Ground Armor Level 2  
  120  11:56  Zerg Melee Weapons Level 1  
  120  11:57  Zergling x2  
  121  12:05  Roach  
  121  12:06  Roach x2  
  125  12:13  Roach  
  125  12:14  Roach x8  
  125  12:24  Overseer x3  
  123  12:32  Zergling x6  
  123  12:33  Zergling x4  
  118  12:38  Hydralisk x2  
  122  12:53  Overlord  
  122  12:54  Overlord  
  122  13:08  Hatchery, Extractor  
  122  13:09  Extractor  
  116  13:21  Roach  
  116  13:22  Roach x6  
  116  13:24  Overlord x2  
  126  13:32  Roach  
  128  13:41  Hydralisk x2  
  128  13:42  Hydralisk x2  
  136  13:53  Hydralisk x3  
  136  14:19  Roach  
  136  14:20  Overlord x3  
Show
View Real Time Build Order
Export as new Build Order

Jhyrachy Zerg - Winner!

Build Orders: Hatch First 

Get SALT Encoding   

  12  0:02  Drone  
  13  0:08  Drone  
  14  0:21  Extractor x2  
  14  0:26  Drone  
  14  0:28  Drone  
  16  0:41  Overlord  
  16  0:57  Hatchery  
  16  1:00  Drone x2  
  16  1:02  Drone  
  18  1:08  Extractor  
  17  1:32  Spawning Pool  
  16  1:37  Drone  
  16  1:38  Drone x2  
  19  1:54  Overlord  
  19  2:02  Overlord  
  19  2:21  Queen  
  21  2:23  Queen  
  21  2:24  Drone  
  21  2:25  Drone x3  
  27  2:47  Drone  
  27  2:48  Drone x3  
  31  2:53  Drone  
  31  2:54  Drone  
  33  2:58  Lair  
  33  3:03  Drone  
  34  3:06  Extractor  
  34  3:08  Extractor  
  34  3:10  Drone  
  34  3:12  Extractor  
  32  3:16  Drone  
  32  3:17  Drone  
  34  3:34  Drone  
  34  3:35  Drone x7  
  42  4:02  Spire  
  41  4:03  Overlord x3  
  41  4:04  Overlord  
  41  4:14  Drone x3  
  41  4:16  Overlord x2  
  44  4:17  Overlord  
  44  4:21  Pneumatized Carapace  
  44  4:23  Overseer  
  44  4:40  Queen  
  46  5:14  Mutalisk  
  46  5:15  Mutalisk x8  
  46  5:16  Hatchery  
  46  5:19  Mutalisk  
  65  5:37  Overseer x2  
  65  5:51  Overseer  
  42  6:21  Queen  
  44  6:31  Queen  
  46  6:33  Drone  
  46  6:34  Drone x13  
  54  8:08  Metabolic Boost  
  54  8:13  Evolution Chamber  
  54  8:18  Evolution Chamber  
  52  8:21  Infestation Pit  
  51  8:53  Zerg Ground Armor Level 1, Zerg Melee Weapons Level 1  
  51  8:55  Zergling x2  
  51  8:56  Zergling x12  
  51  8:58  Overlord x6  
  51  8:59  Overlord  
  51  9:02  Hive  
  55  9:57  Zergling x6  
  55  9:58  Zergling x26  
  69  10:27  Adrenal Glands  
  69  10:31  Ultralisk Cavern  
  68  10:36  Drone  
  68  10:37  Drone x15  
  84  11:04  Zerg Ground Armor Level 2, Zerg Melee Weapons Level 2  
  84  11:14  Extractor  
  84  11:17  Extractor  
  84  11:18  Drone x5  
  85  11:19  Drone x2  
  89  11:53  Chitinous Plating  
  85  11:56  Overlord x2  
  85  11:57  Overlord x3  
  85  12:05  Ultralisk  
  85  12:06  Ultralisk  
  97  12:23  Ultralisk  
  97  12:24  Ultralisk x5  
  97  12:27  Overlord x2  
  97  12:28  Overlord  
  133  12:42  Overseer  
  133  12:43  Overseer x3  
  133  13:26  Hatchery  
  132  13:31  Spore Crawler, Ultralisk  
  132  13:32  Ultralisk x2  
  149  13:36  Extractor  
Show
View Real Time Build Order
Export as new Build Order

kijah Protoss 

Build Orders: Dark Templar Rush 

Get SALT Encoding   

  12  0:02  Probe (Chrono Boost)  
  13  0:13  Probe (Chrono Boost)  
  14  0:21  Pylon  
  14  0:24  Probe (Chrono Boost)  
  15  0:40  Probe (Chrono Boost)  
  15  0:42  Gateway  
  16  0:47  Assimilator  
  16  0:50  Probe (Chrono Boost)  
  16  0:54  Assimilator  
  17  1:01  Probe (Chrono Boost)  
  18  1:06  Pylon  
  18  1:11  Probe (Chrono Boost)  
  19  1:22  Probe (Chrono Boost)  
  20  1:30  Cybernetics Core  
  21  1:32  Probe (Chrono Boost)  
  21  1:43  Probe (Chrono Boost), Pylon  
  22  1:53  Probe (Chrono Boost)  
  23  2:07  Twilight Council  
  23  2:10  Warp Gate (Chrono Boost)  
  23  2:11  Mothership Core (Chrono Boost)  
  25  2:23  Adept (Chrono Boost)  
  27  2:42  Gateway  
  27  2:43  Gateway  
  27  2:46  Dark Shrine  
  27  2:55  Gateway  
  26  3:22  Nexus  
  26  3:25  Probe  
  27  3:40  Robotics Facility  
  27  3:43  Probe  
  28  3:55  Probe  
  29  4:07  Probe  
  30  4:20  Probe (Chrono Boost)  
  31  4:29  Warp Prism (Chrono Boost)  
  31  4:31  Probe (Chrono Boost)  
  34  4:33  Probe  
  35  4:43  Probe, Dark Templar x2  
  35  4:44  Probe  
  41  4:47  Dark Templar  
  41  4:52  Dark Templar  
  45  4:54  Probe  
  45  4:55  Probe  
  47  5:05  Probe  
  48  5:07  Probe  
  49  5:14  Assimilator  
  49  5:15  Probe  
  49  5:18  Assimilator  
  49  5:19  Probe  
  49  5:21  Pylon  
  51  5:31  Probe  
  52  5:38  Nexus  
  52  5:39  Pylon  
  52  5:41  Pylon  
  52  5:57  Dark Templar x4  
  52  6:14  Probe  
  43  6:20  Probe  
  44  6:26  Probe  
  44  6:30  Probe  
  46  6:37  Zealot x4  
  46  6:38  Probe  
  55  6:42  Assimilator  
  55  6:46  Assimilator  
  55  6:49  Pylon  
  55  6:50  Probe  
  55  6:51  Gateway  
  55  6:52  Pylon, Gateway  
  55  6:54  Gateway  
  54  7:02  Probe, Stalker x2  
  54  7:03  Stalker x2  
  61  7:12  Probe  
  62  7:18  Probe x2  
  64  7:29  Probe  
  64  7:30  Probe  
  64  7:31  Dark Templar x3  
  64  7:33  Dark Templar  
  74  7:39  Probe  
  74  7:42  Probe  
  76  7:45  Probe  
  76  7:50  Probe, Warp Prism (Chrono Boost)  
  79  7:54  Probe  
  81  8:00  Probe  
  82  8:05  Dark Templar  
  82  8:06  Probe, Dark Templar x2  
  89  8:23  Dark Templar x2  
  93  8:28  Nexus  
  93  8:29  Dark Templar  
  93  8:31  Probe, Pylon  
  93  8:32  Pylon  
  96  8:36  Dark Templar  
  98  8:41  Probe  
  98  8:42  Probe  
  98  8:43  Probe  
  98  8:47  Assimilator  
  101  8:51  Assimilator, Dark Templar x3  
  101  8:52  Probe x2  
  101  8:55  Probe  
  110  9:02  Probe  
  103  9:13  Probe  
  80  9:30  Dark Templar x3  
  80  9:31  Dark Templar x2  
  76  9:33  Dark Templar  
  76  9:36  Probe x2  
  80  9:47  Probe x2  
  80  9:48  Probe  
  81  9:57  Probe  
  81  9:58  Probe  
  83  10:00  Pylon  
  83  10:01  Probe  
  83  10:03  Stalker x4  
  83  10:04  Stalker  
  93  10:08  Probe  
  94  10:17  Probe  
  94  10:19  Probe  
  96  10:27  Forge  
  96  10:29  Probe x2, Nexus  
  96  10:30  Forge  
  96  10:31  Pylon  
  96  10:32  Pylon  
  96  10:34  Pylon  
  98  10:40  Probe  
  98  10:41  Probe  
  100  10:50  Probe, Dark Templar x2  
  100  10:51  Dark Templar x4  
  100  10:53  Probe  
  99  11:05  Probe  
  99  11:06  Archon x4  
  96  11:31  Zealot  
  96  11:32  Zealot x5  
  101  11:39  Pylon x2  
  90  11:41  Pylon  
  90  11:55  Stalker x4  
  90  11:56  Stalker x3  
  81  12:18  Dark Templar  
  81  12:19  Dark Templar x4  
  81  12:20  Dark Templar x2  
  65  12:38  Probe  
  66  12:49  Probe  
  67  12:51  Dark Templar  
  67  12:52  Dark Templar x5  
  67  12:53  Dark Templar  
  67  12:55  Nexus  
  67  12:58  Pylon  
  81  12:59  Probe, Pylon  
  71  13:30  Dark Templar x2  
  71  13:31  Dark Templar x2  
  67  13:56  Pylon x2  
  67  14:02  Archon x4  
  67  14:03  Archon x4  
  67  14:07  Zealot  
Show
View Real Time Build Order
Export as new Build Order

alvaroheavy Terran 

Build Orders:  

Get SALT Encoding   

  12  0:01  SCV  
  13  0:13  SCV  
  14  0:25  Supply Depot  
  14  0:28  Refinery  
  14  0:30  SCV  
  15  0:46  SCV  
  16  0:50  Barracks  
  16  0:59  SCV  
  17  1:08  Refinery  
  17  1:11  SCV  
  18  1:24  SCV  
  19  1:37  Orbital Command  
  19  1:42  Factory  
  19  1:47  Barracks Reactor  
  19  2:03  SCV  
  20  2:10  Supply Depot  
  20  2:25  SCV  
  20  2:28  Marine x2  
  23  2:44  Factory Reactor  
  23  2:46  Starport  
  23  2:49  SCV  
  24  2:51  Marine  
  24  2:53  Marine  
  26  3:09  Marine  
  26  3:11  Marine  
  28  3:20  Widow Mine  
  28  3:25  Supply Depot  
  28  3:26  Starport Reactor  
  30  3:32  Supply Depot  
  30  3:39  Marine  
  31  3:47  Widow Mine, Marine, SCV  
  35  4:08  Marine  
  35  4:09  Marine  
  37  4:10  Widow Mine  
  37  4:12  Viking x2  
  43  4:22  Command Center  
  43  4:42  Viking x2  
  47  5:05  Supply Depot  
  47  5:11  Engineering Bay  
  47  5:27  SCV, Viking x2  
  52  5:31  Widow Mine, Supply Depot  
  54  5:54  Marine  
  54  5:55  Marine  
  55  5:57  Viking x2  
  59  6:27  Orbital Command, Viking  
  61  6:34  Viking  
  31  6:57  Viking  
  30  7:04  Viking  
  28  7:13  SCV x2  
  23  7:44  Viking  
  25  8:08  Viking  
  27  8:14  SCV  
  28  8:22  Orbital Command  
  28  8:55  SCV  
  29  9:07  Viking  
  7  9:50  Refinery  
  7  9:58  Marine x2  
  9  10:15  Refinery, SCV  
  9  10:16  Marine, SCV  
  12  10:25  Missile Turret  
  12  10:27  SCV  
  12  10:28  Missile Turret, SCV  
  14  10:39  SCV  
  14  10:40  SCV  
  16  10:52  SCV x2  
  16  10:56  Viking  
  15  11:15  Marine x2  
  17  11:20  SCV  
  18  11:28  Viking  
  18  11:30  Viking  
  22  11:33  SCV x2  
  24  11:43  Missile Turret  
  24  11:45  SCV x2  
  24  11:47  Missile Turret  
  26  11:53  Starport  
  26  11:57  Viking  
  26  12:00  Viking  
  27  12:27  Viking  
  26  12:30  Viking  
  26  12:31  SCV  
  26  12:32  SCV  
  30  12:37  Starport Reactor  
  30  12:45  Engineering Bay  
  30  12:47  SCV  
  31  12:53  SCV  
  31  12:57  Viking  
  30  12:59  SCV  
  30  13:05  SCV  
  28  13:21  Viking x3  
  32  13:33  Viking  
Tags
 
Add a new tag
Caveats
  • Supply blocks, unpowered buildings, or Contaminate may cause inaccurate times.
  • Supply counts are checked every 10 seconds.